 Dungeon Crawl Stone Soup version 0.27.1-2-g3b301248ec (webtiles) character file.

Game seed: 11361103250997127149

5 BigDaddyOpFi the Ducker (level 1, 0/11 HPs)
             Began as a Spriggan Abyssal Knight on Oct 4, 2021.
             Was an Initiate of Lugonu.
             Slain by a rat (3 damage)
             ... on level 1 of the Dungeon.
             The game lasted 00:00:36 (107 turns).

BigDaddyOpFi the Ducker (Spriggan Abyssal Knight)    Turns: 107, Time: 00:00:37

Health: 0/11       AC:  2    Str:  8    XL:     1   Next: 66%
Magic:  3/3        EV: 17    Int: 13    God:    Lugonu [......]
Gold:   44         SH:  0    Dex: 14    Spells: 0/0 levels left

rFire    . . .     SeeInvis +   a - +1 short sword
rCold    . . .     Faith    .   (shield restricted)
rNeg     . . .     Spirit   .   b - +0 robe
rPois    .         Reflect  .   (helmet restricted)
rElec    .         Harm     .   (no cloak)
rCorr    .         Rampage  .   (gloves unavailable)
Will     .....                  (boots unavailable)
Stlth    ++........             (no amulet)
HPRegen  0.03/turn              (no ring)
MPRegen  0.08/turn              (no ring)

@: very quick
A: very small, no large weapons, unfitting armour, see invisible, speed 3
a: Renounce Religion


You were on level 1 of the Dungeon.
You worshipped Lugonu.
Lugonu was noncommittal.
You visited 1 branch of the dungeon, and saw 1 of its levels.
You visited the Abyss 1 time.

You collected 44 gold pieces.

Inventory:

Hand Weapons
 a - a +1 short sword (weapon)
Armour
 b - a +0 robe (worn)


   Skills:
 + Level 2.4 Fighting
 + Level 2.3 Short Blades
 + Level 3.3 Dodging
 * Level 1.1 Stealth
 + Level 1.9 Invocations


You couldn't memorise any spells.
You didn't know any spells.
Your spell library was empty.

Dungeon Overview and Level Annotations

Branches:
Dungeon (1/15)

Altars:


Innate Abilities, Weirdness & Mutations

You are very small and have problems with some larger weapons.
You are too small for most types of armour.
You have supernaturally acute eyesight. (SInv)
You cover ground extremely quickly. (Speed+++)


Message History

The stone hits you but does no damage. The rat bites you but does no damage.
The hobgoblin closely misses you.
You hit the rat.
You kill the rat!
Lugonu accepts your kill.
A kobold comes into view. It is wielding a +0 whip.
The hobgoblin closely misses you.
You barely miss the kobold. The kobold misses you.
The hobgoblin closely misses you.
You barely miss the kobold. The kobold misses you. The hobgoblin misses you.
The kobold shouts!
You hit the kobold.
The kobold is moderately wounded.
The hobgoblin barely misses you.
You barely miss the kobold.
The kobold is moderately wounded.
The kobold hits you with a +0 short sword.
* * * LOW HITPOINT WARNING * * *
The rat misses you. The hobgoblin misses you.
You are too injured to fight recklessly!
You are too injured to fight recklessly!
You are too injured to fight recklessly!
You are too injured to fight recklessly!
Unknown command.
You are too injured to fight recklessly!
You hit the kobold.
You kill the kobold!
Lugonu accepts your kill. The rat closely misses you.
The hobgoblin completely misses you.
Your Stealth skill increases to level 1!
You closely miss the hobgoblin. The rat closely misses you.
The hobgoblin closely misses you.
Unknown command.
You aren't carrying any potions.
You aren't carrying any potions.
You aren't carrying any scrolls.
You aren't carrying any scrolls.
You aren't carrying any scrolls.
You closely miss the hobgoblin. The rat bites you.
You die...

#. ##.....<..##...
..#.. ..........#
..#..###.......>##
.....#.........##
.......#..####.^#
#.........##.##
.##.....!.#..#.# .
..........#....# ..
...#.#)@#.....## .## .
#.#rgK..###.+ ..# ..
...............##..#...
..#.....#........#....#
#.#..##.)..[....#
...... ##........#
....... ###.......#
...###...........## ..
#.####.......#


You could see a hobgoblin, a kobold and a rat.

Vanquished Creatures
  2 endoplasms (D:1)
  A kobold (D:1)
  2 rats (D:1)
5 creatures vanquished.

Notes
Turn   | Place    | Note
-------+----------+-------------------------------------------
     0 | Abyss:1  | BigDaddyOpFi the Spriggan Abyssal Knight began the quest
                  | for the Orb.
     0 | Abyss:1  | Reached XP level 1. HP: 11/11 MP: 3/3
     2 | D:1      | Escaped the Abyss
   106 | D:1      | Reached skill level 1 in Stealth
   107 | D:1      | Slain by a rat

Illustrated notes

Levels and vault maps discovered:
D:1:      dpeg_arrival_long_road, layout_rooms, shapermc_ecumenical_altar_gd

Skill      XL: |  1 |
---------------+----+-----
Stealth        | 1 |  1.1
Fighting       | |  2.4
Short Blades   | |  2.3
Dodging        | |  3.3
Invocations    | |  1.9

Action                   || total
-------------------------++-------
Melee: Short sword       ||    23
Invok: Depart the Abyss  ||     1
Armor: Robe              ||     3
Dodge: Dodged            ||    22
